 Dungeon Crawl Stone Soup version 0.29-a0-297-g7659ce593d (webtiles) character file.

Game seed: 13301831346650045596

46 Dabor the Vexing (level 3, 0/27 HPs)
             Began as a Barachi Arcane Marksman on Mar 21, 2022.
             Succumbed to an adder's poison
             ... on level 1 of the Dungeon.
             The game lasted 00:02:03 (1127 turns).

Dabor the Vexing (Barachi Arcane Marksman)          Turns: 1127, Time: 00:02:04

Health: 0/27       AC:  2    Str: 11    XL:     3   Next: 68%
Magic:  5/5        EV: 12    Int: 13    God:
Gold:   80         SH:  0    Dex: 14    Spells: 4/5 levels left

rFire   . . .      SeeInvis .   a - +0 shortbow
rCold   . . .      Faith    .   (shield currently unavailable)
rNeg    . . .      Spirit   .   b - +0 robe
rPois   .          Reflect  .   (no helmet)
rElec   .          Harm     .   (no cloak)
rCorr   .          Rampage  .   (no gloves)
Will    .....                   (no boots)
Stlth   +.........              (no amulet)
HPRegen 0.09/turn               (no ring)
MPRegen 0.09/turn               (no ring)

@: lethally poisoned (0 -> -5), slow
A: amphibious, slowness 1, strong legs 1, +LOS
a: Hop


You were on level 1 of the Dungeon.
You visited 1 branch of the dungeon, and saw 2 of its levels.

You collected 80 gold pieces.

Inventory:

Hand Weapons
 a - a +0 shortbow (weapon)
Armour
 b - a +0 robe (worn)
Scrolls
 c - 2 scrolls of vulnerability
 d - a scroll of fear {unknown}
 e - a scroll of fog {unknown}
 h - 2 scrolls of identify {unknown}
 j - a scroll of teleportation {unknown}


   Skills:
 + Level 2.0 Fighting
 + Level 2.4 Bows
 + Level 2.7 Dodging
 + Level 1.8 Spellcasting
 + Level 3.7 Hexes


You had 4 spell levels left.
You knew the following spells:

 Your Spells              Type           Power      Damage    Failure   Level
a - Slow                  Hex            40%        N/A       5%          1

Your spell library contained the following spells:

 Spells                   Type           Power      Damage    Failure   Level
 Confusing Touch          Hex            10%        N/A       17%         3
 Inner Flame              Hex/Fire       6%         N/A       36%         3
 Portal Projectile        Hex/Tloc       12%        N/A       36%         3
 Cause Fear               Hex            5%         N/A       50%         4
 Vampiric Draining        Necr           1%         2d6       61%         3


Dungeon Overview and Level Annotations

Branches:
Dungeon (2/15)

Altars:

Shops:
D:1 (

Annotations:
D:2 Sigmund


Innate Abilities, Weirdness & Mutations

You are amphibious.
You cover ground slowly.
You can hop short distances.
You have an extended range of vision and can be seen from far away.


Message History

The adder poisons you! The adder closely misses you.
You shoot an arrow.
The arrow hits the adder but does no damage.
The adder is almost dead.
You feel sick. The adder barely misses you.
Shoot: a) +0 shortbow
Press: ? - help, Shift-Dir - straight line, f/p - adder
Aim: an adder (almost dead, 42% to hit)
You shoot an arrow. The arrow closely misses the adder.
You feel sick. The adder bites you.
You are more poisoned.
The adder poisons you! The adder bites you.
Shoot: a) +0 shortbow
Press: ? - help, Shift-Dir - straight line, f/p - adder
Aim: an adder (almost dead, 42% to hit)
You shoot an arrow. The arrow closely misses the adder.
You feel very sick. The adder bites you.
You are lethally poisoned!
The adder poisons you! The adder bites you.
* * * LOW HITPOINT WARNING * * *
Shoot: a) +0 shortbow
Press: ? - help, Shift-Dir - straight line, f/p - adder
Aim: an adder (almost dead, 42% to hit)
You shoot an arrow. The arrow barely misses the adder.
* * * LOW HITPOINT WARNING * * *
You feel very sick. The adder barely misses you. x2
Shoot: a) +0 shortbow
Press: ? - help, Shift-Dir - straight line, f/p - adder
Aim: an adder (almost dead, 42% to hit)
You shoot an arrow. The arrow hits the adder.
You kill the adder!
* * * LOW HITPOINT WARNING * * *
You feel sick.
It was a potion of cancellation.
You feel magically purged.
* * * LOW HITPOINT WARNING * * *
You feel sick.
Okay, then.
You die...

.##.######.# #.#.# #.# .##.#
#.# #.#.# #.# .##.#
##.#####.#.# #.# .##.#
#........#.# #.# ###.#
#..####....# #.#
..#.#####..###.....## #†#
...........##..[....## #..
.....................#######
###
...#............@..........#
..##.##.........†....#####.#
####.##.#.###.......## #.#
#.##.#.# ##.....## ##.####
#.##.#.#####...## #.....#
#.##.#........######
#..##.### #
#.##.#.######......#
#..##.... # #.........#
#..###.###........ #
####.###..#
#...........##.###


There were no monsters in sight!

Vanquished Creatures
  2 adders
  2 dart slugs (D:1)
  2 endoplasms
  A giant cockroach (D:1)
  2 goblins
  3 hobgoblins
  4 quokkas
  3 ball pythons (D:2)
  A bat (D:1)
  A frilled lizard (D:1)
  A kobold (D:1)
  3 rats
25 creatures vanquished.

Notes
Turn   | Place    | Note
-------+----------+-------------------------------------------
     0 | D:1      | Dabor the Barachi Arcane Marksman began the quest for the
                  | Orb.
     0 | D:1      | Reached XP level 1. HP: 15/15 MP: 2/2
   243 | D:1      | Found a faded altar of an unknown god.
   247 | D:1      | Reached XP level 2. HP: 21/21 MP: 3/3
   348 | D:1      | Found Zoruas's Weapon Emporium.
   846 | D:2      | Reached XP level 3. HP: 20/27 MP: 5/5
  1078 | D:2      | Noticed Sigmund
  1126 | D:1      | HP: 1/27 [poisoned by an adder]
  1127 | D:1      | Succumbed to an adder's poison

Illustrated notes

Levels and vault maps discovered:
D:1:      dpeg_arrival_orchard, layout_loops_ring, serial_shops,
          nicolae_shop_bloodbath_and_beyond, basic_ecumenical_altar
D:2:      layout_loops_ring, uniq_sigmund, uniq_crazy_yiuf_cottage

Skill      XL: |  1  2  3 |
---------------+----------+-----
Fighting       | 2 |  2.0
Bows           | |  2.4
Dodging        | |  2.7
Spellcasting   | |  1.8
Hexes          | |  3.7

Action                   || total
-------------------------++-------
 Fire: Shortbow          ||    88
 Cast: Slow              ||     7
  Use: Potion            ||     5
Armor: Robe              ||     7
Dodge: Dodged            ||    29

Table legend: (Time is in decaauts)
 A = Elapsed time spent in this place.
 B = Non-inter-level travel time spent in this place.
 C = Inter-level travel time spent in this place.
 D = Time resting spent in this place.
 E = Time spent auto-exploring this place.
 F = Levels seen in this place.
 G = Mean time per level.
                   A        B        C        D        E       F      G
               +--------+--------+--------+--------+--------+-----+--------+
         Total |   1303 |   1286 |     17 |      0 |   1060 |   2 |  651.5 |
       Dungeon |   1303 |   1286 |     17 |      0 |   1060 |   2 |  651.5 |
               +--------+--------+--------+--------+--------+-----+--------+

Top non-repeatable levels by time:
     D:1: 971 daAuts
     D:2: 331 daAuts
